 Dungeon Crawl Stone Soup version 0.24.0-123-gd5b16e6ec5 (webtiles) character file.

Game seed: 4527409355751542729, levelgen mode: deterministic

378 Bergy the Chopper (level 6, 0/37 HPs)
             Began as a Gargoyle Fighter on Dec 28, 2019.
             Killed from afar by an orc wizard (7 damage)
             ... with a puff of flame
             ... on level 4 of the Dungeon.
             The game lasted 00:07:21 (3610 turns).

Bergy the Chopper (Gargoyle Fighter)                Turns: 3610, Time: 00:07:21

Health: 0/37       AC: 11    Str: 22    XL:     6   Next: 74%
Magic:  6/6        EV:  7    Int:  8    God:
Gold:   179        SH:  0    Dex:  9    Spells: 5/5 levels left

rFire    . . .     SeeInvis .   a - +0 war axe
rCold    . . .     Gourm    .   c - +0 shield
rNeg     + . .     Faith    .   b - +0 scale mail
rPois    ∞         Spirit   .   (no helmet)
rElec    +         Reflect  .   (no cloak)
rCorr    +         Harm     .   (no gloves)
MR       .....                  (no boots)
Stlth    ..........             (no amulet)
HPRegen  0.12/turn              g - ring of resist corrosion
MPRegen  0.10/turn              (no ring)

@: confused
A: negative energy resistance 1, electricity resistance, unbreathing,
petrification resistance, rot immunity, AC +4
a: no special abilities


You were on level 4 of the Dungeon.
You were not hungry.

You visited 1 branch of the dungeon, and saw 4 of its levels.

You collected 179 gold pieces.

Inventory:

Hand Weapons
 a - a +0 war axe (weapon)
Armour
 b - a +0 scale mail (worn)
 c - a +0 shield (worn)
 h - a +0 plate armour
Jewellery
 g - a ring of resist corrosion (left hand)
Wands
 s - a wand of flame (19)
Scrolls
 j - 2 scrolls of remove curse {unknown}
 l - a scroll of magic mapping {unknown}
 n - 2 scrolls of teleportation {unknown}
 p - a scroll of random uselessness {unknown}
 r - a scroll of enchant armour {unknown}
 t - a scroll of fear {unknown}
Potions
 d - a potion of might
 e - a potion of resistance {unknown}
 i - a potion of agility {unknown}
 k - a potion of mutation {unknown}
 m - a potion of flight
 q - a potion of ambrosia {unknown}
 u - a potion of curing
 w - 2 potions of heal wounds {unknown}
Comestibles
 f - 5 rations
 x - 2 chunks of flesh


   Skills:
 - Level 3.2 Fighting
 * Level 6.3 Axes
 - Level 3.2 Armour
 - Level 3.2 Shields


You had 5 spell levels left.
You didn't know any spells.
Your spell library was empty.

Dungeon Overview and Level Annotations

Branches:
Dungeon (4/15)
 Temple: D:4-7

Altars:
Vehumet

Shops:
D:4 =


Innate Abilities, Weirdness & Mutations

You are resistant to torment.
Your stone body is resilient. (AC +4)
You are immune to poison.
You resist negative energy. (rN+)
You are resistant to electric shocks. (rElec)
You can survive without breathing.
You are immune to petrification.
You are immune to rotting.


Message History

You miss something. x2; You block something's attack.
You hear some strange, mumbled words.
A puff of flame appears from out of thin air!
The puff of flame hits you.
* * * LOW HITPOINT WARNING * * *
Something hits you but does no damage.
You barely miss something. You closely miss something. Something hits you.
* * * LOW HITPOINT WARNING * * *
You hear some strange, mumbled words.
You are confused.
Something hits you but does no damage.
You completely miss something. x2; Something hits you but does no damage.
You hear some strange, mumbled words.
A magic dart appears from out of thin air!
The magic dart hits you but does no damage.
You bump into the rock wall.
Something hits you but does no damage.
You hear some strange, mumbled words.
A puff of flame appears from out of thin air!
The puff of flame hits you!
You die...

#..# #[.# #..#
#+#####..#
#........#
##.......#
#.......#
#######{......#
.......@{.....#
.##...#..........
#.. #.)....####
#. #......# #
#...?..# #......#
#.#+##.# #.# .#


There were no monsters in sight!

Vanquished Creatures
  2 hounds
  An orc wizard (D:3)
  Jessica (D:2)
  Natasha (thrice) (D:3)
  Terence (D:3)
  An iguana (D:4)
  7 adders
  An ooze (D:4)
  A worm (D:3)
  2 dart slugs
  2 leopard geckos
  10 orcs
  5 goblins
  5 hobgoblins
  3 jackals (D:2)
  3 kobolds (D:2)
  A quokka (D:3)
  2 ball pythons
  3 bats
  3 frilled lizards
  9 rats
66 creatures vanquished.

Notes
Turn   | Place    | Note
-------+----------+-------------------------------------------
     0 | D:1      | Bergy the Gargoyle Fighter began the quest for the Orb.
     0 | D:1      | Reached XP level 1. HP: 14/14 MP: 1/1
    35 | D:1      | Reached skill level 2 in Axes
   416 | D:1      | Reached XP level 2. HP: 16/19 MP: 2/2
  1145 | D:2      | Reached skill level 3 in Axes
  1145 | D:2      | Reached XP level 3. HP: 19/23 MP: 3/3
  1239 | D:2      | Noticed Jessica
  1249 | D:2      | Killed Jessica
  1281 | D:2      | Reached XP level 4. HP: 21/28 MP: 4/4
  1439 | D:2      | Reached skill level 4 in Axes
  2030 | D:3      | Reached XP level 5. HP: 27/32 MP: 5/5
  2165 | D:3      | Reached skill level 5 in Axes
  2353 | D:3      | Noticed Natasha
  2373 | D:3      | Killed Natasha
  2616 | D:3      | Reached XP level 6. HP: 27/37 MP: 6/6
  2654 | D:3      | Noticed Natasha
  2665 | D:3      | Killed Natasha
  2947 | D:3      | Noticed Terence
  2962 | D:3      | Killed Terence
  2965 | D:3      | Found a radiant altar of Vehumet.
  3221 | D:3      | Noticed Natasha
  3228 | D:3      | Killed Natasha
  3228 | D:3      | Reached skill level 6 in Axes
  3412 | D:4      | Found Pelac's Jewellery Emporium.
  3610 | D:4      | Killed from afar by an orc wizard

Levels and vault maps discovered:
D:1:      dpeg_arrival_long_road, layout_basic, grunt_decor_resistance
D:2:      layout_loops_ring, first_ration, uniq_jessica
D:3:      layout_loops_corners, old_standard_altar, uniq_natasha, uniq_terence
D:4:      layout_basic, minmay_shop_enchanted_jewellery, uniq_edmund,
          uniq_sigmund

Skill      XL: |  1  2  3  4  5  6 |
---------------+-------------------+-----
Axes           | 2 3 4 5 6 |  6.3
Fighting       | |  3.2
Armour         | |  3.2
Shields        | |  3.2

Action                   |  1- 3 |  4- 6 || total
-------------------------+-------+-------++-------
Melee: War axe           |    62 |   223 ||   285
  Use: Scroll            |       |     3 ||     3
       Potion            |       |     2 ||     2
  Eat: Chunk             |     1 |     8 ||     9
Armor: Scale mail        |    29 |   144 ||   173
Dodge: Dodged            |    21 |    62 ||    83
Block: Shield            |    32 |   113 ||   145
